 Dungeon Sprint DCSS version 0.23.0-38-g208d714 (webtiles) character file.

Game seed: 8733640210955195426

8130 Fang the Fighter (level 11, 0/80 HPs)
             Began as a Gargoyle Berserker on Feb 27, 2019.
             Was the Champion of Trog.
             Killed from afar by a molten gargoyle (21 damage)
             ... with a bolt of magma
             ... in the Dungeon (Sprint VII: "The Pits").
             The game lasted 00:03:19 (1546 turns).

Fang the Fighter (Gargoyle Berserker)               Turns: 1546, Time: 00:03:20

Health: 0/80       AC: 27    Str: 28    XL:     11   Next: 26%
Magic:  3/3        EV: 13    Int:  7    God:    Trog [******]
Gold:   0          SH:  0    Dex: 12    Spells: 10/10 levels left

rFire    . . .     SeeInvis .   m - +3 battleaxe (antimagic)
rCold    . . .     Gourm    .   (shield currently unavailable)
rNeg     + . .     Faith    .   j - +3 plate armour
rPois    ∞         Spirit   .   (no helmet)
rElec    +         Reflect  .   (no cloak)
rCorr    .         Harm     .   (no gloves)
MR       .....     NoTele   +   (no boots)
Stlth    ..........             (no amulet)
HPRegen  0.23/turn              r - +3 ring of strength
MPRegen  0.08/turn              s - +3 ring of dexterity

@: berserk cooldown, slowed, very slow
A: negative energy resistance 1, electricity resistance, unbreathing,
petrification resistance, rot immunity, AC +8
a: Berserk, Trog's Hand, Brothers in Arms, Renounce Religion


You were in the Dungeon.
You worshipped Trog.
Trog was exalted by your worship.
You were not hungry.

You visited 1 branch

Inventory:

Hand Weapons
 b - a +6 battleaxe of electrocution
 m - a +3 antimagic battleaxe (weapon)
 n - a +2 hand axe of freezing
 o - a +4 antimagic executioner's axe
 p - a +4 antimagic broad axe
 q - a +8 antimagic battleaxe
 u - a +2 war axe of freezing
Armour
 j - a +3 plate armour (worn)
Jewellery
 r - a +3 ring of strength (left hand)
 s - a +3 ring of dexterity (right hand)
Scrolls
 i - a scroll of blinking
 k - 3 scrolls of remove curse
 l - a scroll of summoning
Potions
 a - 2 potions of invisibility
 d - 8 potions of curing
 e - 9 potions of heal wounds
 f - 2 potions of haste
 g - 4 potions of magic
 h - 4 potions of berserk rage
 t - a potion of resistance
Comestibles
 c - 9 rations
 v - 4 chunks of flesh


   Skills:
 + Level 14.6 Fighting
 + Level 12.6 Axes
 + Level 14.5 Armour
 + Level 11.5 Dodging


You had 10 spell levels left.
You didn't know any spells.
Your spell library was empty.

Dungeon Overview and Level Annotations

Branches:
Dungeon (1/1)

Altars:


Innate Abilities, Weirdness & Mutations

You are resistant to torment.
Your stone body is resilient. (AC +8)
You are immune to poison.
You resist negative energy. (rN+)
You are resistant to electric shocks. (rElec)
You can survive without breathing.
You are immune to petrification.
You are immune to rotting.


Message History

The molten gargoyle barely misses you.
You slice the molten gargoyle!!
The molten gargoyle is severely damaged.
The molten gargoyle blasts magma at you!
The bolt of magma hits you but does no damage.
The molten gargoyle barely misses you.
You hit the molten gargoyle.
The molten gargoyle is severely damaged.
The molten gargoyle hits you but does no damage.
You hit the molten gargoyle but do no damage.
The molten gargoyle is severely damaged.
The molten gargoyle hits you with a +0 flail.
You are engulfed in flames!
* * * LOW HITPOINT WARNING * * *
You hit the molten gargoyle.
The molten gargoyle is severely damaged.
The molten gargoyle closely misses you.
The molten gargoyle blasts magma at you!
The bolt of magma hits you!!
You die...

##### ###############
..............# .
#.......)...... #.# ###
#'###### ....
..#####[##...##+## #.#.#
....##...#...#...#......
.....#...#)..#...#......
)....'..)'...'.)@9......
)....#.))#...#.))#......
)...##...#...#.).# .....
..#####.##...##)## .#.#
###.))#(######...# ...
#...).)((..(...#..# .#
....))........###..# .
############### ###


You could see a molten gargoyle.

Vanquished Creatures
  An orc high priest (D)
  A sea snake (D)
  A flayed ghost (D)
  A deep elf mage (D)
  An orc sorcerer (D)
  A molten gargoyle (D)
  A spiny frog (D)
  A komodo dragon (D)
  A freezing wraith (D)
  A polar bear (D)
  Prince Ribbit (D)
  A spriggan (D)
  3 yaks (D)
  A wraith (D)
  A ynoxinul (D)
  A hungry ghost (D)
  A basilisk (D)
  2 water moccasins (D)
  2 floating eyes (D)
  An ogre (D)
  3 big kobolds (D)
  A scorpion (D)
  4 killer bees (D)
  An orc priest (D)
  2 orc wizards (D)
  An iguana (D)
  A hell rat (D)
  A gnoll (D)
  An adder (D)
  2 ufetubi (D)
  2 oozes (D)
  3 worms (D)
  A leopard gecko (D)
  6 orcs (D)
  2 ball pythons (D)
  A hobgoblin (D)
  2 jackals (D)
  A quokka (D)
  3 kobolds (D)
  A rat (D)
63 creatures vanquished.

Vanquished Creatures (collateral kills)
  A hydra (D)
  An orc high priest (D)
  A soul eater (D)
  A sun demon (D)
  An orange demon (D)
  A kobold demonologist (D)
  A red devil (D)
  A troll (D)
  A warg (D)
  A swamp drake (D)
  A big kobold (D)
  An orc priest (D)
  4 orcs (D)
  A kobold (D)
  A frilled lizard (D)
  A goblin (D)
19 creatures vanquished.

Grand Total: 82 creatures vanquished

Notes
Turn   | Place    | Note
-------+----------+-------------------------------------------
     0 | D        | Fang the Gargoyle Berserker began the quest for the Orb.
     0 | D        | Reached XP level 1. HP: 14/14 MP: 1/1
    11 | D        | Noticed a floating eye
    14 | D        | Paralysed by a floating eye for 2 turns
    17 | D        | Paralysed by a floating eye for 2 turns
    19 | D        | Killed a floating eye
    19 | D        | Reached skill level 5 in Fighting
    19 | D        | Reached skill level 5 in Armour
    19 | D        | Reached XP level 2. HP: 22/22 MP: 2/2
    19 | D        | Reached XP level 3. HP: 27/27 MP: 3/3
    19 | D        | Reached XP level 4. HP: 32/32 MP: 4/4
    52 | D        | Noticed a floating eye
    56 | D        | Killed a floating eye
    56 | D        | Reached skill level 5 in Axes
    56 | D        | Reached skill level 5 in Dodging
    56 | D        | Reached XP level 5. HP: 38/38 MP: 5/5
    64 | D        | Reached ** piety under Trog
    81 | D        | Reached *** piety under Trog
    83 | D        | Reached XP level 6. HP: 36/44 MP: 6/6
   207 | D        | Reached **** piety under Trog
   215 | D        | Reached ***** piety under Trog
   354 | D        | Noticed Prince Ribbit
   368 | D        | Killed Prince Ribbit
   368 | D        | Reached XP level 7. HP: 40/51 MP: 7/7
   434 | D        | Noticed a sea snake
   456 | D        | Killed a sea snake
   456 | D        | Reached skill level 10 in Fighting
   456 | D        | Reached skill level 10 in Armour
   456 | D        | Reached XP level 8. HP: 41/58 MP: 8/8
   545 | D        | Noticed a deep elf mage
   547 | D        | Received a gift from Trog
   560 | D        | Killed a deep elf mage
   582 | D        | Noticed a flayed ghost
   588 | D        | Reached XP level 9. HP: 51/64 MP: 3/9
   593 | D        | Received a gift from Trog
   596 | D        | Killed a flayed ghost
   596 | D        | Reached skill level 10 in Axes
   877 | D        | Noticed an orc sorcerer
   877 | D        | Noticed a freezing wraith
   880 | D        | Reached ****** piety under Trog
   880 | D        | Paralysed by an orc sorcerer for 5 turns
   887 | D        | Killed an orc sorcerer
   889 | D        | Killed a freezing wraith
  1039 | D        | Received a gift from Trog
  1044 | D        | Reached XP level 10. HP: 72/72 MP: 3/10
  1060 | D        | Reached skill level 10 in Dodging
  1067 | D        | Received a gift from Trog
  1146 | D        | Noticed a kobold demonologist
  1146 | D        | Noticed a six-headed hydra
  1151 | D        | Killed a six-headed hydra
  1155 | D        | Received a gift from Trog
  1157 | D        | Killed a kobold demonologist
  1184 | D        | Noticed an orc high priest
  1193 | D        | Noticed a rust devil
  1193 | D        | Killed an orc high priest
  1193 | D        | Received a gift from Trog
  1229 | D        | Noticed a sun demon
  1237 | D        | Killed a sun demon
  1237 | D        | Reached XP level 11. HP: 19/80 MP: 11/11
  1494 | D        | Noticed an orc high priest
  1495 | D        | Noticed a soul eater
  1499 | D        | Received a gift from Trog
  1508 | D        | Killed an orc high priest
  1515 | D        | Killed a soul eater
  1520 | D        | Received a gift from Trog
  1546 | D        | Killed from afar by a molten gargoyle

Skill      XL: |  1  2  3  4  5  6  7  8  9 10 11 |
---------------+----------------------------------+-----
Fighting       | 5 7 9 10 11 12 14 | 14.6
Axes           | 4 5 6 7 8 9 10 12 | 12.6
Armour         | 5 6 8 10 12 13 14 | 14.5
Dodging        | 4 5 6 7 8 9 11 | 11.5

Action                   |  1- 3 |  4- 6 |  7- 9 | 10-12 || total
-------------------------+-------+-------+-------+-------++-------
Melee: Hand axe          |     4 |    64 |    44 |       ||   112
       Broad axe         |       |       |    12 |       ||    12
       Battleaxe         |       |       |    15 |    55 ||    70
       Executioner's axe |       |       |       |    24 ||    24
Invok: Berserk           |       |       |     2 |     1 ||     3
       Brothers in Arms  |       |       |       |     3 ||     3
  Use: Potion            |       |       |     1 |       ||     1
  Eat: Chunk             |       |       |     1 |     6 ||     7
Armor: Animal skin       |       |    15 |       |       ||    15
       Chain mail        |       |    28 |    24 |       ||    52
       Plate armour      |       |       |    22 |    56 ||    78
Dodge: Dodged            |       |    55 |    25 |    71 ||   151
